 Dungeon Crawl Stone Soup version 0.22.1-1-ga44c0e5 (webtiles) character file.

410 Loudmushroom the Covered (level 6, -10/39 HPs)
             Began as a Gargoyle Fighter on Oct 4, 2018.
             Was an Initiate of Okawaru.
             Mangled by an ice beast (11 damage)
             ... on level 5 of the Dungeon.
             The game lasted 00:23:37 (4411 turns).

Loudmushroom the Covered (Gargoyle Fighter)         Turns: 4411, Time: 00:23:38

Health: -10/39     AC: 20    Str: 22    XL:     6   Next: 89%
Magic:  6/6        EV:  4    Int:  8    God:    Okawaru [......]
Gold:   147        SH:  9    Dex:  9    Spells: 5/5 levels left

rFire    . . .     SeeInvis .   a - +0 war axe
rCold    . . .     Gourm    .   c - +0 shield
rNeg     + . .     Faith    .   w - +0 plate armour
rPois    ∞         Spirit   .   E - +1 helmet
rElec    +         Reflect  .   (no cloak)
rCorr    .         Harm     .   k - +1 pair of gloves
MR       .....                  (no boots)
Stlth    ..........             q - amulet of the acrobat
HPRegen  0.13/turn              (no ring)
MPRegen  0.10/turn              (no ring)

@: no status effects
A: negative energy resistance 1, electricity resistance, unbreathing,
petrification resistance, rot immunity, AC +4
a: Renounce Religion


You were on level 5 of the Dungeon.
You worshipped Okawaru.
Okawaru was noncommittal.
You were hungry.

You visited 2 branches of the dungeon, and saw 6 of its levels.

You collected 147 gold pieces.

Inventory:

Hand Weapons
 a - a +0 war axe (weapon)
 b - a +0 hunting sling
 n - a cursed +0 falchion
 H - a +0 flail of protection
Missiles
 e - 235 stones
 l - 18 poisoned needles
 p - 21 sling bullets
 u - 3 needles of sleeping
 A - 12 tomahawks
 C - 34 bolts
 F - 6 javelins (quivered)
Armour
 c - a +0 shield (worn)
 k - a +1 pair of gloves (worn)
 w - a +0 plate armour (worn)
 E - a +1 helmet (worn)
Jewellery
 q - an amulet of the acrobat (around neck)
Scrolls
 h - a scroll of enchant armour
 r - 2 scrolls of identify
 s - 4 scrolls of magic mapping
Potions
 d - 4 potions of might
 i - a potion of agility {unknown}
 j - 2 potions of haste {unknown}
 m - a potion of curing {unknown}
 o - 2 potions of brilliance {unknown}
 v - a potion of berserk rage {unknown}
 D - a potion of heal wounds
Comestibles
 f - 5 rations
 g - 2 chunks of flesh


   Skills:
 + Level 4.7 Fighting
 * Level 4.2 Axes
 + Level 4.7 Armour
 + Level 4.6 Shields


You had 5 spell levels left.
You didn't know any spells.
Your spell library was empty.

Dungeon Overview and Level Annotations

Branches:
Dungeon (5/15)             Temple (1/1) D:4

Altars:
Ashenzari
Cheibriados
Dithmenos
Elyvilon
Fedhas
Gozag
Hepliaklqana
Kikubaaqudgha
Makhleb
Nemelex Xobeh
Okawaru
Qazlal
Ru
Sif Muna
Trog
Uskayaw
Vehumet
Wu Jian
Xom
Yredelemnul
Zin
The Shining One

Shops:
D:4 ?[[


Innate Abilities, Weirdness & Mutations

You are resistant to torment.
Your stone body is resilient. (AC +4)
You are immune to poison.
You resist negative energy. (rN+)
You are resistant to electric shocks. (rElec)
You can survive without breathing.
You are immune to petrification.
You are immune to rotting.


Message History

The ice beast is heavily wounded.
The ice beast hits you but does no damage. x2
You closely miss the ice beast.
The ice beast is heavily wounded.
You block the ice beast's attack.
You slash the ice beast!
The ice beast is almost dead.
The ice beast hits you but does no damage.
You hit the ice beast but do no damage.
The ice beast is almost dead.
The ice beast hits you but does no damage.
You barely miss the ice beast.
The ice beast is almost dead.
The ice beast hits you but does no damage. x2
You closely miss the ice beast.
The ice beast is almost dead.
The ice beast hits you.
* * * LOW HITPOINT WARNING * * *
The ice beast freezes you!
You die...

.. ##### . ..!...
##. ...... #..
#.....# #.#
......#
#.##.#..$.. ##
#.#.......#
.#...#@Y.##....
.................
........####.....
........# .(.#
........# ...
......... ##
......### ####..
...


You could see an ice beast.

Vanquished Creatures
  Edmund (D:4)
  Jessica (D:2)
  2 orc wizards (D:4)
  A worker ant (D:4)
  Robin (D:4)
  3 adders (D:2)
  An ooze (D:4)
  An adder skeleton (D:4)
  5 worms (D:2)
  2 dart slugs (D:1)
  3 leopard geckos (D:4)
  7 orcs
  A ball python (D:3)
  5 giant cockroaches
  18 goblins
  12 hobgoblins
  6 jackals (D:4)
  3 quokkas
  A ball python skeleton (D:5)
  4 bats
  11 frilled lizards
  A jackal skeleton (D:4)
  10 kobolds
  12 rats
  A butterfly (D:4)
113 creatures vanquished.

Notes
Turn   | Place    | Note
-------+----------+-------------------------------------------
     0 | D:1      | Loudmushroom the Gargoyle Fighter began the quest for the
                  | Orb.
     0 | D:1      | Reached XP level 1. HP: 14/14 MP: 1/1
   155 | D:1      | Reached XP level 2. HP: 19/19 MP: 2/2
  1020 | D:2      | Reached XP level 3. HP: 23/23 MP: 3/3
  1456 | D:2      | Reached XP level 4. HP: 29/29 MP: 4/4
  1503 | D:2      | Noticed Jessica
  1510 | D:2      | Killed Jessica
  1801 | D:2      | Noticed a moth of wrath
  1803 | D:2      | Found a bloodstained altar of Trog.
  1849 | D:2      | Reached XP level 5. HP: 33/33 MP: 5/5
  2492 | D:3      | Found a faded altar of an unknown god.
  2723 | D:4      | Noticed Robin
  2808 | D:4      | Killed Robin
  3321 | D:4      | Noticed Edmund
  3348 | D:4      | Killed Edmund
  3348 | D:4      | Reached XP level 6. HP: 39/39 MP: 6/6
  3367 | D:4      | Found a staircase to the Ecumenical Temple.
  3373 | Temple   | Entered the Ecumenical Temple
  3491 | Temple   | Became a worshipper of Warmaster Okawaru
  3709 | D:4      | Found Canujo's Armour Boutique.
  4023 | D:4      | Found Ifosk's Magic Scroll Shop.
  4028 | D:4      | Found Dom Ruerch's Armour Emporium.
  4361 | D:5      | Entered Level 5 of the Dungeon
  4375 | D:5      | Noticed an ice beast
  4411 | D:5      | HP: 1/39 [ice beast (2)]
  4411 | D:5      | Mangled by an ice beast

Skill      XL: |  1  2  3  4  5 |
---------------+----------------+-----
Axes           | 2 3 4 |  4.2
Armour         | 4 |  4.7
Fighting       | 4 |  4.7
Shields        | 4 |  4.6

Action                   |  1- 3 |  4- 6 || total
-------------------------+-------+-------++-------
Melee: War axe           |   115 |   274 ||   389
  Use: Scroll            |       |     6 ||     6
  Eat: Chunk             |     2 |     9 ||    11
Armor: Scale mail        |    53 |    21 ||    74
       Plate armour      |       |   212 ||   212
Dodge: Dodged            |    35 |    59 ||    94
Block: Shield            |    65 |   189 ||   254
